 Dungeon Crawl Stone Soup version 0.21.1-1-g345015f (webtiles) character file.

51 letownia2 the Magician (level 3, -1/24 HPs)
             Began as a Merfolk Wizard on Mar 18, 2018.
             Killed from afar by an orc wizard (10 damage)
             ... with a puff of flame
             ... on level 3 of the Dungeon.
             The game lasted 00:04:41 (700 turns).

letownia2 the Magician (Merfolk Wizard)              Turns: 700, Time: 00:04:41

Health: -1/24      AC:  2    Str:  8    XL:     3   Next: 81%
Magic:  4/7        EV: 13    Int: 17    God:
Gold:   92         SH:  0    Dex: 12    Spells: 2/8 levels left

rFire    . . .     SeeInvis .   e - +2 dagger (venom)
rCold    . . .     Gourm    .   (no shield)
rNeg     . . .     Faith    .   a - +0 robe
rPois    .         Spirit   .   b - +0 hat
rElec    .         Reflect  .   (no cloak)
rCorr    .         Harm     .   (no gloves)
MR       .....                  (no boots)
Stlth    ++........             f - amulet of magic regeneration
HPRegen  0.08/turn              (no ring)
MPRegen  0.35/turn              (no ring)

@: very slightly contaminated
A: change form in water, swift swim, stealthy swim
a: no special abilities


You were on level 3 of the Dungeon.
You were not hungry.

You visited 1 branch of the dungeon, and saw 4 of its levels.

You collected 92 gold pieces.

Inventory:

Hand Weapons
 e - a +2 dagger of venom (weapon)
 h - a +0 spear
 r - a +0 short sword of speed
Missiles
 m - 19 sling bullets
Armour
 a - a +0 robe (worn)
 b - a +0 hat (worn)
 p - a +2 shield
Jewellery
 f - an amulet of magic regeneration (around neck)
 l - an uncursed amulet of guardian spirit
Scrolls
 i - a scroll of enchant weapon {unknown}
 j - a scroll of amnesia {unknown}
 n - a scroll of magic mapping {unknown}
 o - a scroll of identify {unknown}
Potions
 g - a potion of curing {unknown}
 k - a potion of mutation {unknown}
 q - a potion of heal wounds {unknown}
 s - a potion of might {unknown}
Books
 c - a book of Minor Magic

   Spells                             Type                      Level
   a - Magic Dart                     Conjuration                  1
   b - Blink                          Translocation                2
   c - Call Imp                       Summoning                    2
   d - Slow                           Hexes                        2
   e - Conjure Flame                  Conjuration/Fire             3
   f - Mephitic Cloud                 Conjuration/Poison/Air       3
Comestibles
 d - 4 rations


   Skills:
 - Level 0.2 Fighting
 - Level 1.4 Short Blades
 - Level 2.6 Dodging
 - Level 2.1 Stealth
 - Level 3.0 Spellcasting
 - Level 1.9 Conjurations
 - Level 1.5 Summonings
   Level 0.7 Translocations
 + Level 0.5 Air Magic
 + Level 0.9 Poison Magic


You had 2 spell levels left.
You knew the following spells:

 Your Spells              Type           Power        Failure   Level  Hunger
a - Magic Dart            Conj           #...         8%          1    None
e - Mephitic Cloud        Conj/Pois/Air  #.......     32%         3    ###....
i - Call Imp              Summ           #.......     14%         2    ##.....


Dungeon Overview and Level Annotations

Branches:
Dungeon (4/15)
 Temple: D:4-7

Altars:
Dithmenos
Hepliaklqana
Kikubaaqudgha
Okawaru


Message History

The orc wizard shouts!
The bat hits you. The bat closely misses you.
The orc wizard points at you and mumbles some strange words.
The puff of flame hits you! The bat hits you.
The bat hits you but does no damage. The bat hits you.
The bat hits you but does no damage. The bat barely misses you.
You hit the bat.
You kill the bat!
Casting: Magic Dart
Confirm with . or Enter, or press ? or * to list all spells.
Aiming: Mephitic Cloud
Press: ? - help, Shift-Dir - straight line, f - orc wizard
Aim: an orc wizard, wielding a dagger of flaming and wearing a robe You miscast Mephitic Cloud.
You feel a strange surge of energy!
The orc wizard gestures at you while chanting.
The puff of flame hits you!
You die...

...†.#..####
.#.......... .#.##.#
.....#..######.#....##.
.#......# #......... .
.##....## #..#....##..
.......# ####..#.......
#..# ###...##
#..........# ...#.
#...# #.##.##..#.#
..##.# #...#
#.##.†.@...# #... .
###...####.##o#####.#
#.##.# .........†....#
#.#..# ........).....#
#.#... ..............#
#.####
###...######..#####.#
#..... #...#
#..o......# ######
#...# #..#.#.#.## #...#
#..#...#


You could see an orc wizard.

Vanquished Creatures
  An adder (D:3)
  2 worms (D:2)
  A dart slug (D:3)
  A leopard gecko (D:2)
  2 orcs (D:3)
  A goblin (D:1)
  3 hobgoblins
  6 jackals
  A ball python (D:2)
  7 bats
  A frilled lizard (D:3)
  2 kobolds (D:2)
  3 rats
31 creatures vanquished.

Notes
Turn   | Place    | Note
-------+----------+-------------------------------------------
     0 | D:1      | letownia2 the Merfolk Wizard began the quest for the Orb.
     0 | D:1      | Reached XP level 1. HP: 13/13 MP: 4/4
    13 | D:1      | Reached skill level 1 in Conjurations
    73 | D:2      | Reached XP level 2. HP: 15/19 MP: 1/6
    82 | D:2      | Learned a level 2 spell: Call Imp
   184 | D:2      | Reached skill level 1 in Short Blades
   334 | D:4      | Noticed a killer bee
   334 | D:4      | Noticed a killer bee
   334 | D:4      | Noticed a killer bee
   362 | D:2      | Reached XP level 3. HP: 20/24 MP: 7/7
   401 | D:2      | Learned a level 3 spell: Mephitic Cloud
   436 | D:3      | Found an ancient bone altar of Kikubaaqudgha.
   439 | D:3      | Found a hazy altar of Hepliaklqana.
   442 | D:3      | Found a shadowy altar of Dithmenos.
   445 | D:3      | Found an iron altar of Okawaru.
   700 | D:3      | Killed from afar by an orc wizard

Skill      XL: |  1  2 |
---------------+-------+-----
Conjurations   | 1 |  1.9
Short Blades   | 1 |  1.4
Fighting       | |  0.2
Dodging        | |  2.6
Stealth        | |  2.1
Spellcasting   | |  3.0
Summonings     | |  1.5
Translocations | |  0.7
Air Magic      | |  0.5
Poison Magic   | |  0.9

Action                   || total
-------------------------++-------
Melee: Dagger            ||    66
 Cast: Magic Dart        ||    35
       Call Imp          ||     1
       Mephitic Cloud    ||     1
 Stab: Sleeping          ||     3
       Distracted        ||     1
       Confused          ||     1
Armor: Robe              ||     7
Dodge: Dodged            ||    42
